 Dungeon Crawl Stone Soup version 0.20-a0-850-ge5a7832 (webtiles) character file.

156 polly the Slasher (level 5, -2/44 HPs)
             Began as a Draconian Gladiator on Mar 11, 2017.
             Killed by nerve-wracking pain
             ... invoked by Grinder
              (13 damage)
             ... on level 3 of the Dungeon.
             The game lasted 00:02:07 (2045 turns).

polly the Slasher (Draconian Gladiator)             Turns: 2045, Time: 00:02:07

Health: -2/44      AC:  6    Str: 17    XL:     5   Next: 15%
Magic:  5/5        EV: 13    Int:  9    God:
Gold:   69         SH:  0    Dex: 12    Spells: 4/4 levels left

rFire    . . .     SeeInvis .   a - +0 long sword
rCold    . . .     Gourm    .   (armour unavailable)
rNeg     . . .     Faith    .   (no shield)
rPois    .         Spirit   .   b - +0 hat
rElec    .         Reflect  .   t - +0 cloak
rCorr    .         Harm     .   (no gloves)
MR       .....                  (no boots)
Stlth    ++........             (no amulet)
Regen    0.2/turn               (no ring)
MPRegen  0.1/turn               (no ring)

@: no status effects
A: unfitting armour, cold-blooded, AC +5
a: no special abilities


You were on level 3 of the Dungeon.
You were hungry.

You visited 1 branch of the dungeon, and saw 3 of its levels.

You collected 69 gold pieces.

Inventory:

Hand Weapons
 a - a +0 long sword (weapon)
 v - a +0 short sword
Armour
 b - a +0 hat (worn)
 t - a +0 cloak (worn)
Jewellery
 u - an uncursed amulet of regeneration {unknown}
Scrolls
 e - 8 scrolls of remove curse {unknown}
 f - a scroll of enchant armour {unknown}
 h - 3 scrolls of identify {unknown}
 o - a scroll of amnesia {unknown}
 p - a scroll of immolation {unknown}
 q - a scroll of magic mapping {unknown}
Potions
 g - a potion of might {unknown}
 j - a potion of agility
 k - a potion of flight {unknown}
 l - 2 potions of curing
 n - 2 potions of brilliance {unknown}
 r - a potion of resistance {unknown}
Books
 m - a book of Minor Magic

   Spells                             Type                      Level
   a - Magic Dart                     Conjuration                  1
   b - Blink                          Translocation                2
   c - Call Imp                       Summoning                    2
   d - Slow                           Hexes                        2
   e - Conjure Flame                  Conjuration/Fire             3
   f - Mephitic Cloud                 Conjuration/Poison/Air       3
Comestibles
 d - 2 bread rations
 i - 3 royal jellies
 s - a meat ration


   Skills:
 + Level 2.9 Fighting
 + Level 4.7 Long Blades
 + Level 2.0 Throwing
 + Level 3.4 Dodging
 + Level 1.0 Stealth


You had 4 spell levels left.
You didn't know any spells.

Dungeon Overview and Level Annotations

Branches:
Dungeon (3/15)

Altars:
Ashenzari
Nemelex Xobeh

Annotations:
D:3 Grinder


Innate Abilities, Weirdness & Mutations

Your plain brown scales are hard. (AC +5)
You cannot fit into any form of body armour.
You are cold-blooded and may be slowed by cold attacks.


Message History

You hit Grinder.
Grinder is moderately wounded.
Grinder struggles against the net.
You hit Grinder.
You tail-slap Grinder, but do no damage.
Grinder is heavily wounded.
Grinder struggles against the net.
You hit Grinder but do no damage.
Grinder is heavily wounded.
Grinder blinks!
c - a throwing net Grinder gestures at you.
You resist with significant effort.
Throwing (i - inventory):
c - a throwing net (quivered)
Press: ? - help, Shift-Dir - straight line, f/p - Grinder
Aim: Grinder (heavily wounded)
You throw a throwing net. The throwing net barely misses Grinder.
Grinder gestures at you. Pain shoots through your body!
You die...

#.# #.#
#.# #.#
#.# #.#
#.# #.#
#@# #.#
#.5..5...
#########


You could see Grinder.

Vanquished Creatures
  Crazy Yiuf (D:2)
  Jessica (D:2)
  6 adders (D:2)
  An ooze (D:1)
  2 dart slugs (D:1)
  2 worms (D:2)
  A leopard gecko (D:1)
  5 bats
  6 hobgoblins
  2 jackals (D:2)
  5 frilled lizards
  A goblin (D:2)
  3 kobolds
  5 rats
41 creatures vanquished.

Notes
Turn   | Place    | Note
-------+----------+-------------------------------------------
     0 | D:1      | polly the Draconian Gladiator began the quest for the Orb.
     0 | D:1      | Reached XP level 1. HP: 17/17 MP: 1/1
    91 | D:1      | Reached XP level 2. HP: 23/24 MP: 2/2
   901 | D:2      | Reached XP level 3. HP: 21/30 MP: 3/3
   925 | D:2      | Noticed Jessica
   934 | D:2      | Killed Jessica
  1000 | D:2      | Reached skill level 4 in Long Blades
  1000 | D:2      | Reached XP level 4. HP: 15/37 MP: 4/4
  1020 | D:2      | Found a sparkling altar of Nemelex Xobeh.
  1023 | D:2      | Found a shattered altar of Ashenzari.
  1548 | D:2      | Reached skill level 1 in Stealth
  1691 | D:2      | Found a runed door.
  1913 | D:2      | Noticed Crazy Yiuf
  1920 | D:2      | Killed Crazy Yiuf
  1920 | D:2      | Reached XP level 5. HP: 29/44 MP: 5/5
  2015 | D:3      | Noticed Grinder
  2045 | D:3      | Killed from afar by Grinder

Vault maps used:
D:1:      tarquinn_simple_flora_water_b, grunt_decor_one_mirror,
          hangedman_feature_mirror, minmay_misc_feat_plants
D:2:      nicolae_overflow_hidden_temple, uniq_jessica, uniq_crazy_yiuf_cottage
D:3:      fedhas_altar_3, chequers_ecumenical_altar_simple_redux, first_bread,
          uniq_grinder, uniq_sigmund

Skill      XL: |  1  2  3  4 |
---------------+-------------+-----
Dodging        | 3 |  3.4
Throwing       | 2 |  2.0
Long Blades    | 4 |  4.7
Stealth        | 1 |  1.0
Fighting       | |  2.9

Action                   |  1- 3 |  4- 6 || total
-------------------------+-------+-------++-------
Melee: Long sword        |    75 |    63 ||   138
       Tailslap          |    12 |     9 ||    21
Throw: Throwing net      |       |     4 ||     4
  Use: Potion            |     2 |       ||     2
 Stab: Sleeping          |     1 |     2 ||     3
       Held in net/web   |       |     1 ||     1
  Eat: Chunk             |       |     3 ||     3
Armor: Skin              |    26 |    27 ||    53
Dodge: Dodged            |    68 |    33 ||   101
       Rpst.: Long sword |    18 |     7 ||    25
